Map: [ESL] Hard Lead

Players

Krystianer - Winner!

  • Race: Protoss Protoss
  • Spawn Location: 5:00

PtitDrogo

  • Race: Protoss Protoss
  • Spawn Location: 11:00

Event: ESL SC2 Masters 2023 Winter (Regional)

VOD

Have the link to the VOD?

Description

Time

  • Played on: Nov. 2, 2023, 10:20 a.m.
  • Length: 13:47

All games in this series

Show
View Real Time Build Order
Export as new Build Order

Krystianer Protoss - Winner!

Build Orders: Oracle Opening 

Get SALT Encoding   

  12  0:00  Probe  
  13  0:12  Probe  
  14  0:16  Pylon  
  14  0:24  Probe (Chrono Boost)  
  16  0:36  Gateway, Probe (Chrono Boost)  
  16  0:42  Probe (Chrono Boost)  
  16  0:45  Assimilator  
  17  0:50  Probe  
  17  0:54  Assimilator  
  18  1:02  Probe (Chrono Boost)  
  19  1:06  Gateway  
  20  1:12  Probe (Chrono Boost)  
  20  1:17  Probe (Chrono Boost)  
  20  1:23  Cybernetics Core  
  21  1:29  Probe  
  22  1:34  Pylon  
  22  1:41  Probe  
  23  1:53  Probe  
  24  1:59  Warp Gate, Adept x2  
  28  2:05  Probe  
  29  2:09  Shield Battery  
  29  2:14  Pylon  
  29  2:17  Probe  
  30  2:32  Adept x2  
  30  2:35  Stargate  
  33  2:59  Nexus  
  33  3:01  Probe  
  34  3:15  Probe  
  34  3:18  Oracle (Chrono Boost)  
  36  3:27  Pylon  
  36  3:32  Probe  
  35  3:44  Probe  
  35  3:45  Oracle (Chrono Boost)  
  39  3:56  Stalker x2  
  39  4:00  Probe  
  42  4:05  Shield Battery  
  42  4:12  Probe  
  42  4:13  Probe  
  41  4:24  Probe (Chrono Boost)  
  41  4:25  Stalker x2  
  41  4:30  Probe (Chrono Boost)  
  47  4:33  Twilight Council  
  47  4:36  Probe (Chrono Boost)  
  49  4:40  Probe x2 (Chrono Boost)  
  50  4:50  Probe  
  50  4:51  Stalker x2  
  55  4:54  Probe  
  55  4:57  Assimilator  
  56  5:04  Probe  
  58  5:07  Probe  
  58  5:11  Dark Shrine  
  58  5:20  Gateway, Pylon  
  59  5:24  Robotics Facility  
  60  5:30  Probe  
  60  5:34  Zealot  
  61  5:35  Pylon  
  61  5:40  Gateway  
  61  5:45  Stalker  
  63  5:52  Gateway  
  63  5:54  Gateway  
  63  6:02  Pylon  
  61  6:14  Probe  
  60  6:20  Pylon  
  60  6:23  Dark Templar x2, Probe  
  62  6:28  Dark Templar  
  60  6:36  Probe  
  60  6:38  Assimilator  
  60  6:39  Zealot  
  60  6:41  Probe  
  61  6:48  Probe  
  61  6:53  Probe  
  63  6:56  Blink (Chrono Boost)  
  63  7:00  Probe  
  64  7:06  Nexus, Stalker x2  
  64  7:08  Stalker  
  70  7:10  Probe  
  70  7:11  Pylon  
  70  7:12  Probe  
  72  7:20  Stalker x2  
  72  7:22  Probe  
  77  7:27  Stalker  
  79  7:33  Pylon  
  79  7:34  Pylon  
  73  7:44  Dark Templar  
  73  7:46  Stalker  
  73  7:49  Stalker  
  67  7:52  Zealot x3  
  67  8:05  Probe  
  61  8:13  Stalker x4  
  61  8:18  Stalker x2  
  70  8:32  Probe  
  70  8:33  Nexus  
  70  8:34  Probe  
  69  8:37  Charge (Chrono Boost)  
  69  8:41  Adept x2  
  73  8:44  Probe  
  73  8:46  Probe  
  75  8:56  Probe  
  75  8:58  Stalker x2  
  75  9:02  Probe  
  77  9:10  Probe (Chrono Boost)  
  77  9:14  Stalker x3  
  77  9:15  Probe (Chrono Boost)  
  84  9:17  Observer  
  84  9:22  Pylon  
  84  9:23  Probe (Chrono Boost)  
  85  9:27  Adept x2  
  85  9:29  Probe (Chrono Boost)  
  85  9:30  Probe (Chrono Boost)  
  90  9:36  Probe  
  87  9:45  Stalker x4  
  88  9:54  Stalker x2  
  80  10:08  Stalker x2  
  80  10:09  Stalker  
  80  10:11  Observer  
  87  10:24  Nexus, Probe  
  87  10:25  Probe  
  88  10:41  Adept x3  
  88  10:42  Adept  
  95  10:44  Stalker x2  
  91  11:08  Adept x2  
  91  11:10  Probe  
  94  11:14  Nexus  
  94  11:16  Dark Templar  
  94  11:26  Probe  
  95  11:36  Zealot x4  
  99  11:41  Stalker  
  99  11:46  Pylon  
  97  12:00  Dark Templar  
  97  12:04  Observer  
  97  12:06  Shield Battery  
  97  12:07  Stalker x2  
  102  12:08  Stalker  
  104  12:20  Stalker x2  
  108  12:26  Shield Battery  
  108  12:30  Stalker  
  108  12:31  Stalker  
  103  12:48  Zealot x4  
  98  13:04  Zealot x2  
  92  13:09  Zealot x4  
Show
View Real Time Build Order
Export as new Build Order

PtitDrogo Protoss 

Build Orders:  

Get SALT Encoding   

  12  0:00  Probe  
  13  0:12  Probe  
  14  0:17  Pylon  
  14  0:24  Probe (Chrono Boost)  
  15  0:37  Probe (Chrono Boost)  
  15  0:38  Gateway  
  16  0:45  Probe (Chrono Boost)  
  16  0:46  Assimilator  
  17  0:51  Probe  
  17  0:55  Assimilator  
  18  1:03  Probe (Chrono Boost)  
  19  1:10  Gateway  
  19  1:14  Probe (Chrono Boost)  
  20  1:18  Probe (Chrono Boost)  
  21  1:25  Cybernetics Core  
  21  1:31  Probe  
  22  1:33  Pylon  
  22  1:43  Probe  
  23  1:55  Probe  
  23  1:59  Warp Gate (Chrono Boost)  
  24  2:02  Stalker x2  
  24  2:07  Probe  
  29  2:13  Pylon  
  29  2:19  Probe  
  30  2:32  Probe  
  30  2:34  Stalker x2  
  34  2:57  Nexus  
  34  2:58  Probe  
  35  3:07  Pylon  
  37  3:16  Stalker  
  37  3:30  Probe  
  36  3:34  Twilight Council  
  36  3:40  Stalker  
  38  3:46  Probe  
  39  3:48  Shield Battery  
  39  3:54  Stalker  
  40  3:59  Probe  
  41  4:03  Blink (Chrono Boost)  
  41  4:11  Probe x2  
  41  4:13  Stalker  
  44  4:23  Probe  
  42  4:24  Probe  
  42  4:27  Stalker  
  45  4:35  Probe  
  45  4:36  Probe  
  46  4:40  Stalker  
  48  4:47  Probe  
  48  4:48  Gateway  
  48  4:49  Probe  
  50  4:56  Stalker  
  50  4:59  Probe  
  53  5:04  Probe  
  54  5:09  Pylon  
  54  5:11  Probe  
  54  5:13  Stalker  
  57  5:18  Probe (Chrono Boost)  
  56  5:23  Probe (Chrono Boost)  
  57  5:32  Stalker  
  57  5:34  Probe x2 (Chrono Boost)  
  61  5:36  Stalker  
  61  5:38  Probe (Chrono Boost)  
  61  5:40  Probe  
  61  5:41  Pylon  
  64  5:46  Stalker  
  65  5:53  Probe x2  
  67  6:05  Probe  
  67  6:09  Stalker x2  
  72  6:12  Probe  
  72  6:15  Nexus  
  72  6:17  Probe  
  73  6:24  Probe  
  74  6:29  Probe  
  75  6:34  Robotics Facility  
  75  6:36  Probe  
  75  6:37  Stalker  
  78  6:50  Probe x2  
  78  6:51  Pylon  
  78  6:55  Pylon  
  78  6:56  Pylon  
  74  7:01  Sentry x2  
  74  7:03  Probe  
  77  7:17  Sentry  
  72  7:23  Observer (Chrono Boost)  
  72  7:26  Stalker  
  72  7:29  Probe  
  75  7:32  Stalker  
  77  7:40  Observer  
  74  7:49  Stalker  
  72  7:58  Stalker  
  68  8:01  Probe  
  67  8:06  Probe  
  67  8:07  Probe  
  69  8:13  Probe  
  69  8:18  Stalker  
  69  8:23  Probe x2  
  69  8:26  Probe (Chrono Boost)  
  65  8:33  Stalker  
  67  8:35  Gateway  
  67  8:36  Probe x2 (Chrono Boost)  
  67  8:37  Gateway  
  67  8:38  Probe (Chrono Boost)  
  71  8:45  Probe (Chrono Boost)  
  71  8:46  Probe x2 (Chrono Boost)  
  71  8:47  Stalker  
  76  8:52  Probe  
  75  9:02  Probe  
  72  9:06  Warp Prism (Chrono Boost), Probe x2  
  72  9:17  Sentry x2  
  72  9:19  Probe x2  
  72  9:20  Probe  
  79  9:32  Stalker x2  
  82  9:47  Stalker x2  
  82  10:08  Stalker x2  
  86  10:15  Pylon  
  86  10:17  Pylon  
  86  10:40  Stalker x4  
  94  10:49  Pylon  
  91  11:04  Probe x2  
  89  11:09  Sentry x2  
  84  11:25  Stalker x2  
  86  11:34  Adept x2  
  85  11:54  Stalker x2  
  85  11:55  Probe  
  90  12:13  Adept  
  90  12:14  Adept  
  68  13:04  Stalker x4  
Tags
 
Add a new tag
Caveats
  • Supply blocks, unpowered buildings, or Contaminate may cause inaccurate times.
  • Supply counts are checked every 10 seconds.